Map: 엔디온 잔해

Players

Scarlett

  • Race: Zerg Zerg
  • League: Grandmaster

Strange - Winner!

  • Race: Protoss Protoss

VOD

Have the link to the VOD?

Description

Time

  • Played on: April 14, 2016, 1:01 p.m.
  • Length: 9:40
Show
View Real Time Build Order
Export as new Build Order

Scarlett Zerg 

Build Orders: Hatch First, Muta Ling Bane 

Get SALT Encoding   

  12  0:01  Drone  
  13  0:10  Drone  
  14  0:18  Overlord  
  14  0:24  Extractor  
  14  0:25  Drone  
  15  0:38  Drone x2  
  17  0:53  Hatchery  
  16  0:57  Drone  
  16  1:00  Drone  
  18  1:04  Extractor  
  17  1:13  Spawning Pool  
  16  1:19  Drone  
  16  1:20  Drone  
  18  1:29  Drone  
  19  1:39  Drone  
  20  1:50  Hatchery  
  19  1:57  Drone  
  19  2:00  Drone  
  23  2:09  Metabolic Boost  
  23  2:11  Drone  
  23  2:13  Drone  
  23  2:19  Queen  
  25  2:23  Overlord  
  25  2:30  Queen  
  25  2:33  Drone  
  28  2:43  Drone x2  
  30  2:45  Drone x2  
  30  2:49  Overlord  
  32  2:54  Drone  
  32  2:58  Queen  
  33  3:03  Zergling x2  
  33  3:04  Zergling x2  
  37  3:06  Drone  
  37  3:10  Queen  
  41  3:12  Drone  
  41  3:19  Drone x2  
  43  3:27  Drone  
  44  3:34  Drone x3  
  44  3:35  Drone x3  
  44  3:39  Overlord  
  44  3:40  Overlord  
  50  3:43  Overlord  
  50  3:51  Overlord  
  50  3:57  Lair  
  50  3:59  Drone  
  50  4:00  Drone x4  
  55  4:04  Drone  
  55  4:05  Drone  
  57  4:12  Drone  
  57  4:13  Drone x6  
  64  4:20  Baneling Nest  
  64  4:23  Extractor  
  62  4:24  Overlord  
  62  4:26  Drone  
  62  4:27  Drone x6  
  69  4:33  Extractor  
  69  4:34  Overlord  
  68  4:38  Zergling x2  
  68  4:39  Zergling x2  
  68  4:41  Zergling x8  
  72  4:48  Zergling x6  
  74  4:56  Hydralisk Den, Zergling x10  
  74  4:58  Queen  
  80  5:04  Baneling x2  
  80  5:05  Baneling  
  80  5:06  Zergling x6  
  82  5:10  Queen  
  84  5:14  Zergling x8  
  77  5:35  Overlord  
  77  5:36  Drone x6  
  83  5:47  Hydralisk x3  
  89  5:55  Hydralisk, Extractor x2  
  89  5:56  Extractor  
  88  6:02  Overlord x2  
  88  6:07  Hydralisk x2  
  88  6:10  Evolution Chamber  
  91  6:19  Overseer  
  91  6:22  Drone x3  
  91  6:24  Zergling x10  
  91  6:25  Zergling x4  
  101  6:29  Drone x2  
  101  6:30  Drone  
  101  6:31  Hydralisk  
  106  6:32  Muscular Augments  
  106  6:37  Overlord x2  
  106  6:43  Overseer  
  106  6:45  Drone  
  106  6:46  Drone  
  105  6:53  Zerg Missile Weapons Level 1  
  104  6:55  Drone x5  
  104  6:58  Drone  
  104  6:59  Spire, Drone  
  104  7:00  Drone x3  
  113  7:06  Overlord x4  
  113  7:11  Spine Crawler  
  113  7:12  Drone  
  113  7:13  Drone x2  
  115  7:16  Spore Crawler  
  114  7:28  Hatchery, Hydralisk x8  
  129  7:31  Hydralisk  
  129  7:32  Zergling x2  
  129  7:34  Zergling x2  
  133  7:43  Centrifical Hooks  
  133  7:45  Overlord  
  133  7:48  Hydralisk x4  
  141  8:04  Drone x7  
  145  8:16  Mutalisk x4  
  153  8:23  Spine Crawler  
  153  8:24  Spore Crawler  
  153  8:26  Hydralisk  
  151  8:27  Hydralisk, Zergling x2  
  151  8:28  Zergling x14  
  151  8:31  Mutalisk  
  151  8:34  Zergling x2  
  166  8:40  Hydralisk  
  168  8:43  Baneling x9  
  167  8:52  Hydralisk  
  169  8:56  Overlord x3  
  153  9:19  Zergling x12  
  153  9:20  Zergling x2  
Show
View Real Time Build Order
Export as new Build Order

Strange Protoss - Winner!

Build Orders: 1 Gate Expand 

Get SALT Encoding   

  12  0:01  Probe (Chrono Boost)  
  13  0:11  Probe (Chrono Boost)  
  14  0:18  Pylon  
  14  0:22  Probe (Chrono Boost)  
  15  0:36  Probe (Chrono Boost)  
  15  0:37  Gateway  
  16  0:42  Assimilator  
  16  0:46  Probe (Chrono Boost)  
  18  0:57  Probe (Chrono Boost)  
  18  1:07  Probe (Chrono Boost)  
  19  1:18  Probe (Chrono Boost)  
  20  1:24  Nexus  
  20  1:36  Cybernetics Core  
  20  1:38  Probe (Chrono Boost)  
  21  1:43  Assimilator  
  21  1:49  Probe (Chrono Boost)  
  21  1:52  Pylon  
  22  1:59  Probe (Chrono Boost)  
  23  2:10  Probe (Chrono Boost)  
  23  2:12  Stalker (Chrono Boost)  
  23  2:13  Warp Gate (Chrono Boost)  
  28  2:23  Mothership Core  
  28  2:36  Probe  
  28  2:39  Adept (Chrono Boost)  
  28  2:44  Probe  
  32  2:46  Probe  
  33  2:54  Robotics Facility  
  33  2:56  Probe (Chrono Boost)  
  34  2:58  Probe (Chrono Boost)  
  35  3:07  Probe (Chrono Boost)  
  35  3:09  Probe (Chrono Boost)  
  35  3:12  Sentry  
  39  3:17  Pylon  
  39  3:18  Probe (Chrono Boost)  
  40  3:20  Probe (Chrono Boost)  
  41  3:28  Probe (Chrono Boost)  
  41  3:30  Probe (Chrono Boost)  
  43  3:38  Gateway, Warp Prism (Chrono Boost)  
  43  3:40  Gateway, Sentry  
  47  3:43  Probe  
  47  3:44  Probe  
  49  3:52  Pylon  
  49  3:55  Probe  
  50  3:56  Probe  
  51  4:07  Probe  
  51  4:08  Probe  
  53  4:18  Nexus, Pylon  
  53  4:19  Probe (Chrono Boost)  
  53  4:20  Probe (Chrono Boost)  
  55  4:30  Probe  
  56  4:31  Pylon  
  56  4:38  Adept x3  
  62  4:51  Probe x2  
  64  4:55  Twilight Council  
  64  4:56  Zealot x2  
  64  4:57  Forge  
  64  4:59  Zealot  
  70  5:17  Zealot, Sentry  
  70  5:18  Probe  
  73  5:23  Protoss Ground Weapons Level 1  
  61  5:29  Probe  
  61  5:30  Probe  
  61  5:32  Assimilator  
  61  5:33  Assimilator  
  61  5:34  Probe, Pylon, Blink (Chrono Boost)  
  62  5:37  Pylon  
  62  5:49  Probe  
  62  5:50  Probe x2  
  62  5:56  Pylon  
  65  5:59  Sentry x3  
  65  6:00  Probe  
  65  6:02  Probe  
  73  6:05  Gateway x2  
  73  6:07  Gateway  
  73  6:09  Gateway  
  73  6:14  Gateway  
  73  6:17  Probe  
  74  6:18  Pylon  
  74  6:20  Probe, Pylon  
  74  6:21  Probe, Photon Cannon  
  76  6:26  Adept x3  
  76  6:29  Probe  
  76  6:32  Probe  
  83  6:33  Probe  
  83  6:35  Photon Cannon  
  85  6:41  Probe  
  85  6:42  Probe  
  87  6:54  Probe  
  89  6:55  Assimilator  
  89  6:56  Assimilator  
  89  6:57  Sentry x3  
  94  7:04  Immortal (Chrono Boost)  
  98  7:12  Stalker x5  
  108  7:25  Stalker x3  
  108  7:29  Pylon  
  114  7:31  Protoss Ground Weapons Level 2 (Chrono Boost)  
  114  7:35  Immortal  
  114  7:41  Stalker  
  114  7:42  Zealot x2, Stalker x2  
  128  7:50  Pylon  
  124  8:10  Stalker x6  
  124  8:11  Stalker, Immortal  
  138  8:17  Stalker  
  144  8:21  Pylon  
  144  8:23  Pylon  
  144  8:39  Pylon  
  144  8:41  Pylon  
  144  8:52  Stalker x3  
  144  8:53  Stalker x5  
  154  9:15  Stalker x3  
  154  9:16  Stalker x5  
  132  9:39  Stalker x8  
Tags
 
Add a new tag
Caveats
  • Supply blocks, unpowered buildings, or Contaminate may cause inaccurate times.
  • Supply counts are checked every 10 seconds.